 Dungeon Crawl Stone Soup version 0.18-a0-1773-gec4f98e (webtiles) character file.

63 dvd the Gusty (level 3, -6/21 HPs)
             Began as a High Elf Air Elementalist on Apr 14, 2016.
             Killed from afar by Sigmund (9 damage)
             ... with a magic dart
             ... on level 2 of the Dungeon.
             The game lasted 00:06:07 (1839 turns).

dvd the Gusty (High Elf Air Elementalist)           Turns: 1839, Time: 00:06:07

Health: -6/21      AC:  3    Str:  7    XL:     3   Next: 89%
Magic:  4/8        EV: 18    Int: 20    God:
Gold:   71         SH:  0    Dex: 20    Spells: 3 memorised, 2 levels left

rFire  + . .     SeeInvis .     l - +0 dagger
rCold  + . .     Gourm    .     a - +1 robe
rNeg   . . .     Faith    .     (no shield)
rPois  +         Spirit   .     (no helmet)
rElec  +         Dismiss  .     (no cloak)
rCorr  +         Reflect  .     (no gloves)
SustAt .         Harm     .     (no boots)
MR     .....                    (no amulet)
Stlth  +++.......               (no ring)
                                (no ring)

@: agile, resistant, very slightly contaminated, repel missiles, not resistant
to hostile enchantments, fairly stealthy
A: no striking features
a: no special abilities


You were on level 2 of the Dungeon.
You were not hungry.

You visited 1 branch of the dungeon, and saw 2 of its levels.

You collected 71 gold pieces.

Inventory:

Hand Weapons
 l - a +0 dagger (weapon)
Missiles
 e - 35 arrows of frost
 f - 66 arrows
Armour
 a - a +1 robe (worn)
Scrolls
 d - 4 scrolls of enchant armour
 g - a scroll of amnesia {unknown}
 j - a scroll of noise {unknown}
 k - a scroll of identify {unknown}
 m - a scroll of remove curse
Books
 b - a book of Air

   Spells                             Type                      Level
   a - Shock                          Conjuration/Air              1
   b - Swiftness                      Charms/Air                   2
   c - Repel Missiles                 Charms/Air                   2
   d - Static Discharge               Conjuration/Air              3
   e - Lightning Bolt                 Conjuration/Air              5
Comestibles
 c - a bread ration
 i - a chunk of flesh


   Skills:
 + Level 2.5 Dodging
 - Level 2.1 Stealth
 + Level 3.2 Spellcasting
 + Level 1.9 Conjurations
 + Level 0.5 Charms
 + Level 4.6 Air Magic


You had 2 spell levels left.
You knew the following spells:

 Your Spells              Type           Power        Failure   Level  Hunger
a - Shock                 Conj/Air       ###.         3%          1    None
b - Repel Missiles        Chrm/Air       ##....       10%         2    ##.....
c - Static Discharge      Conj/Air       ###.....     12%         3    ###....


Dungeon Overview and Level Annotations

Branches:
Dungeon (2/15)

Altars:
Makhleb
Qazlal
Zin

Annotations:
D:2 Sigmund


Message History

Press: ? - help, Shift-Dir - straight line, f/p - adder
Aim: an adder (almost dead)
You miscast Shock.
You are very lightly contaminated with residual magic.
Nothing appears to happen.
The adder bites you.
* * * LOW HITPOINT WARNING * * *
Sigmund closely misses you.
Casting: Shock
Confirm with . or Enter, or press ? or * to list all spells.
Aiming: Shock
Press: ? - help, Shift-Dir - straight line, f/p - adder
Aim: an adder (almost dead)
The zap hits the adder.
You kill the adder!
Things that are here:
an adder corpse; a dart slug corpse Sigmund misses you.
Sigmund casts a spell at you. The magic dart hits you!
You die...

#.# # #.# #####.##.#
#.# #.@†.....# #.#
#.###.#### #†# #.#
#@# #.# ### #.###.#
#.# # #A#
#.....#######.#
#######.#...@.......#
##._.####.######@####
.#...#..#.# #<#
.'...'....# #.#
..........# #.#
##._.###.## #.#
######.## #.# #1#
#..# #.#
####...@.".....#
#...#########


You could see Sigmund.

Vanquished Creatures
  2 adders (D:2)
  A worm (D:2)
  2 dart slugs
  3 bats
  3 goblins (D:1)
  5 hobgoblins
  9 jackals
  A ball python (D:2)
  5 kobolds
  5 rats
36 creatures vanquished.

Notes
Turn   | Place    | Note
--------------------------------------------------------------
     0 | D:1      | dvd the High Elf Air Elementalist began the quest for the Orb.
     0 | D:1      | Reached XP level 1. HP: 11/11 MP: 4/4
   294 | D:1      | Reached skill level 4 in Air Magic
   313 | D:1      | Reached XP level 2. HP: 11/17 MP: 0/6
   376 | D:1      | Learned a level 2 spell: Repel Missiles
  1202 | D:2      | Reached XP level 3. HP: 21/21 MP: 4/8
  1500 | D:2      | Learned a level 3 spell: Static Discharge
  1567 | D:2      | Found a stormy altar of Qazlal.
  1770 | D:2      | Found a burning altar of Makhleb.
  1776 | D:2      | Found a glowing silver altar of Zin.
  1776 | D:2      | Noticed an angel
  1776 | D:2      | Noticed an Executioner
  1792 | D:2      | Noticed Sigmund
  1839 | D:2      | Killed from afar by Sigmund

Vault maps used:
D:1:      evilmike_arrival_run_for_it, dk_noncrumbling_3
D:2:      grunt_temple_overflow_order_and_chaos_2, old_standard_altar,
          uniq_sigmund

Skill      XL: |  1  2  3 |
---------------+----------+-----
Air Magic      | 4 |  4.6
Spellcasting   | 3 |  3.2
Dodging        | |  2.5
Stealth        | |  2.1
Conjurations   | |  1.9
Charms         | |  0.5

Action                   || total
-------------------------++-------
Melee: Unarmed           ||     2
       Dagger            ||     2
 Cast: Shock             ||    84
       Repel Missiles    ||     1
  Use: Scroll            ||     2
       Potion            ||     2
 Stab: Sleeping          ||     1
  Eat: Chunk             ||     3
Armor: Robe              ||     3
Dodge: Dodged            ||    42
       Deflected         ||     1
